 Dungeon Crawl Stone Soup version 0.28.0-53-g5a82cb258f (webtiles) character file.

Game seed: 5876461673809273581

3732 quixfox the Basher (level 10, -2/64 HPs)
             Began as a Gargoyle Fighter on July 17, 2022.
             Was a Priest of the Shining One.
             Slain by Harold
             ... wielding a +0 trident
              (11 damage)
             ... on level 8 of the Dungeon.
             The game lasted 00:14:29 (8720 turns).

quixfox the Basher (Gargoyle Fighter)               Turns: 8720, Time: 00:14:30

Health: -2/64      AC: 27    Str: 23    XL:     10   Next: 14%
Magic:  14/14      EV:  6    Int:  8    God:    the Shining One [***...]
Gold:   1352       SH: 13    Dex: 11    Spells: 9/9 levels left

rFire   . . .      SeeInvis .   n - +5 hand axe
rCold   . . .      Faith    +   c - +0 buckler
rNeg    + + .      Spirit   .   l - +1 plate armour
rPois   ∞          Reflect  .   (no helmet)
rElec   +          Harm     .   (no cloak)
rCorr   .          Rampage  .   (no gloves)
Will    .....                   s - +0 pair of boots
Stlth   ..........              g - amulet of faith
HPRegen 0.20/turn               a - +4 ring of protection
MPRegen 0.14/turn               (no ring)

@: divinely shielded, marked, glowing
A: sickness immunity, AC +7, negative energy resistance 1, electricity
resistance, torment resistance 1, petrification resistance
a: Renounce Religion, Divine Shield, Cleansing Flame


You were on level 8 of the Dungeon.
You worshipped the Shining One.
The Shining One was most pleased with you.
You visited 1 branch of the dungeon, and saw 8 of its levels.
You also visited: Sewer.

You collected 1394 gold pieces.
You spent 42 gold pieces at shops.

Inventory:

Hand Weapons
 n - a +5 hand axe (weapon)
 o - a +2 battleaxe of electrocution
 r - a +3 morningstar
Missiles
 i - 2 javelins (quivered)
Armour
 c - a +0 buckler (worn)
 l - a +1 plate armour (worn)
 s - a +0 pair of boots (worn)
Jewellery
 a - a +4 ring of protection (left hand)
 g - an amulet of faith (around neck)
Wands
 h - a wand of mindburst (10)
 k - a wand of polymorph (10)
 u - a wand of charming (7)
 x - a wand of paralysis (6)
Scrolls
 e - a scroll of silence
 t - 2 scrolls of teleportation
 y - a scroll of identify
Potions
 b - a potion of cancellation
 d - 3 potions of might
 f - 2 potions of curing
 j - 2 potions of flight
 m - a potion of lignification
 p - a potion of brilliance
 q - 2 potions of heal wounds
 v - 2 potions of resistance
 w - a potion of magic


   Skills:
 + Level 7.9 Fighting
 * Level 9.5 Maces & Flails
 + Level 7.8 Armour
 - Level 3.2 Shields
 + Level 6.2 Invocations


You had 9 spell levels left.
You didn't know any spells.
Your spell library contained the following spells:

 Spells                   Type           Power      Damage    Failure   Level
 Shock                    Conj/Air       0%         1d3       100%        1
 Passwall                 Tmut/Erth      0%         N/A       100%        2
 Static Discharge         Conj/Air       0%         N/A       100%        2
 Wereblood                Tmut           0%         N/A       100%        2
 Chain Lightning          Conj/Air       0%         N/A       100%        9


Dungeon Overview and Level Annotations

Branches:
Dungeon (8/15)             Temple (0/1) D:4           Sewer (visited)
   Lair: D:8-11

Altars:
Cheibriados
Dithmenos
Fedhas
Kikubaaqudgha
Makhleb
Okawaru
Qazlal
Ru
Sif Muna
Xom
The Shining One

Shops:
D:1 :(*

Annotations:
D:5 2 runed translucent doors
D:8 Harold


Innate Abilities, Weirdness & Mutations

You are immune to sickness and miasma.
Your stone body is resilient. (AC +7)
You are immune to poison.
You resist negative energy. (rN+)
You are resistant to electric shocks. (rElec)
You are resistant to unholy torment.
You are immune to petrification.


Message History

You slash Harold!
Harold is heavily wounded.
Harold hits you with a +0 trident.
You hit Harold.
Harold is heavily wounded.
Harold hits you with a +0 trident.
You hit Harold.
Harold is severely wounded.
You block Harold's attack.
You slash Harold!
Harold is severely wounded.
Harold hits you but does no damage.
You completely miss Harold.
Harold is severely wounded.
Harold hits you with a +0 trident!
You hit Harold.
Harold is severely wounded.
You block Harold's attack.
You hit Harold but do no damage.
Harold is severely wounded.
Harold hits you with a +0 trident!
* * * LOW HITPOINT WARNING * * *
You slash Harold!
Harold is almost dead.
Harold hits you but does no damage. You block Harold's attack.
You hit Harold but do no damage.
Harold is almost dead.
You block Harold's attack.
You barely miss Harold.
Harold is almost dead.
Harold hits you but does no damage.
You hit Harold but do no damage.
Harold is almost dead.
Harold says, "Ah, this is what I got into this business for!"
Harold hits you with a +0 trident!
* * * LOW HITPOINT WARNING * * *
You hit Harold.
Harold is almost dead.
Harold hits you with a +0 trident!
You die... # #KK

# #####.K # ....... #
....... # ....... # .......
# #....K##################
#>..KK@@................
#....K######........####
#...## #........# #########
#........# #...)...#
#........# #.##....#
#........#
#.##.##.#.########........#
#.#...#.#.................#
#.#...############........#


You could see Harold (resistant), a kobold brigand and 3 kobolds.

Vanquished Creatures
  A wyvern (D:8)
  2 humans (D:8)
  2 steam dragons
  Menkaure (D:5)
  Edmund (D:5)
  Duvessa (D:5)
  A black bear (D:6)
  An orc warrior (D:6)
  A sky beast (D:6)
  2 ogres (D:5)
  4 centaurs
  2 phantoms
  2 scorpions
  3 bullfrogs (D:7)
  Dowan (D:5)
  3 water moccasin skeletons (D:5)
  10 wights
  3 killer bees (D:8)
  A bullfrog zombie (D:5)
  A centaur zombie (D:6)
  A hound (D:7)
  3 jellies
  2 bullfrog skeletons
  A centaur skeleton (D:7)
  An orc priest (D:6)
  A gnoll shaman (D:8)
  3 iguanas
  2 orc wizards
  A mummy (D:5)
  A howler monkey zombie (D:6)
  A gnoll (D:8)
  10 adders
  2 river rats (Sewer)
  2 white imps
  An ufetubus (D:4)
  2 worms (D:2)
  5 dart slugs
  11 orcs
  5 ball pythons
  5 bats
  9 endoplasms
  12 giant cockroaches
  5 goblins (D:1)
  10 hobgoblins
  3 jackals (D:3)
  3 quokkas
  5 frilled lizards
  3 kobolds
  9 rats
  A spectral kobold (D:1)
163 creatures vanquished.

Vanquished Creatures (others)
  A human (D:8)
  2 gnolls (D:8)
  2 plants (D:3)
5 creatures vanquished.

Grand Total: 168 creatures vanquished

Notes
Turn   | Place    | Note
-------+----------+-------------------------------------------
     0 | D:1      | quixfox the Gargoyle Fighter began the quest for the Orb.
     0 | D:1      | Reached XP level 1. HP: 14/14 MP: 1/1
   109 | D:1      | Reached XP level 2. HP: 17/19 MP: 2/2
   153 | D:1      | Found Cuikkeptaf's Book Boutique.
   256 | D:1      | Found a faded altar of an unknown god.
   605 | D:1      | Found Paheif's Weapon Emporium.
   641 | D:1      | Found Mostot's General Store.
   648 | D:1      | Reached XP level 3. HP: 23/23 MP: 3/3
   650 | D:1      | Bought a potion of curing for 42 gold pieces
  1236 | D:2      | Reached skill level 3 in Maces & Flails
  1670 | D:2      | Reached XP level 4. HP: 16/29 MP: 4/4
  2099 | D:3      | Found a stormy altar of Qazlal.
  2186 | D:3      | Found a glowing drain.
  2205 | Sewer    | Entered a sewer
  2319 | Sewer    | Reached XP level 5. HP: 32/33 MP: 5/5
  2342 | Sewer    | Reached skill level 4 in Maces & Flails
  2563 | Sewer    | Found a viscous altar of Jiyva.
  2772 | D:3      | Found a shadowy altar of Dithmenos.
  2816 | D:3      | Found a glowing golden altar of the Shining One.
  2819 | D:3      | Became a worshipper of the Shining One
  2983 | D:3      | Reached XP level 6. HP: 22/39 MP: 6/6
  3554 | D:4      | HP: 1/39 [acid (10)]
  3803 | D:4      | Reached skill level 5 in Maces & Flails
  3803 | D:4      | Reached skill level 1 in Invocations
  4234 | D:4      | Found a staircase to the Ecumenical Temple.
  4290 | D:5      | Entered Level 5 of the Dungeon
  4371 | D:5      | Reached skill level 5 in Fighting
  4371 | D:5      | Reached XP level 7. HP: 42/44 MP: 8/8
  4376 | D:5      | Reached skill level 5 in Armour
  4521 | D:5      | Noticed Edmund
  4538 | D:5      | Killed Edmund
  4625 | D:5      | Reached * piety under the Shining One
  4690 | D:5      | Noticed Menkaure
  4701 | D:5      | Killed Menkaure
  4702 | D:5      | Reached skill level 6 in Maces & Flails
  4702 | D:5      | Reached XP level 8. HP: 43/50 MP: 8/10
  4819 | D:5      | Found a sacrificial altar of Ru.
  4847 | D:5      | Noticed Dowan
  4867 | D:5      | Killed Dowan
  5054 | D:5      | Noticed Duvessa
  5070 | D:5      | Killed Duvessa
  5073 | D:5      | Identified a scroll of acquirement
  5073 | D:5      | Acquired 1105 gold pieces
  5078 | D:5      | Found a shimmering blue altar of Sif Muna.
  5276 | D:5      | Found a large runed translucent door.
  5276 | D:5      | Found a large runed translucent door.
  5298 | D:5      | Reached skill level 7 in Maces & Flails
  5775 | D:5      | Found a snail-covered altar of Cheibriados.
  5775 | D:5      | Reached ** piety under the Shining One
  5940 | D:5      | Found a shimmering altar of Xom.
  5993 | D:6      | Reached XP level 9. HP: 56/56 MP: 12/12
  6174 | D:6      | Got Vidioj's Collected Works on Transformation and Feathers
  6214 | D:6      | Reached skill level 8 in Maces & Flails
  6858 | D:7      | Reached skill level 5 in Invocations
  7035 | D:7      | Found a blossoming altar of Fedhas.
  7037 | D:7      | Reached *** piety under the Shining One
  8031 | D:8      | Reached skill level 9 in Maces & Flails
  8133 | D:8      | Found an ancient bone altar of Kikubaaqudgha.
  8163 | D:8      | Reached XP level 10. HP: 57/64 MP: 14/14
  8298 | D:8      | Found a burning altar of Makhleb.
  8562 | D:8      | Found an iron altar of Okawaru.
  8686 | D:8      | Noticed Harold
  8720 | D:8      | Slain by Harold

Illustrated notes

Levels and vault maps discovered:
D:1:      psy_arrival_heroes, layout_basic, serial_shops,
          nicolae_shop_bloodbath_and_beyond, shop, nicolae_shop_statue_plus,
          dreamdust_ecumenical_altar_drowned_temple,
          chequers_serial_rivers_large_b, hangedman_decor_slide_cut
D:2:      layout_basic, minmay_stone_trees_small
D:3:      layout_basic, lemuel_round_altar, tso_oasis_becter,
          nicolae_qazlal_general_emergency, portal_sewer_entry_b
D:4:      layout_basic, minmay_temple_entry_statues
D:5:      due_chaos_kobolds, layout_loops_corners, nicolae_ru_path_of_blood,
          nicolae_sif_muna_condensation, slow_altar_2, uniq_duvessa,
          uniq_edmund, uniq_menkaure
D:6:      layout_cave_pools
D:7:      cheibrodos_quashed, layout_basic, fedhas_ov_isle_minmay
D:8:      layout_basic, okawaru_humans, lemuel_tele_altar, tgw_kikubaaqudgha,
          uniq_harold

Skill      XL: |  1  2  3  4  5  6  7  8  9 10 |
---------------+-------------------------------+-----
Maces & Flails | 3 4 5 6 7 9 |  9.5
Fighting       | 4 5 6 7 |  7.9
Armour         | 4 5 6 7 |  7.8
Invocations    | 1 2 4 5 6 |  6.2
Shields        | |  3.2

Action                   |  1- 3 |  4- 6 |  7- 9 | 10-12 || total
-------------------------+-------+-------+-------+-------++-------
Melee: Flail             |    78 |       |       |       ||    78
       Mace              |    40 |   144 |       |       ||   184
       Morningstar       |       |    60 |    79 |       ||   139
       Hand axe          |       |       |   168 |    69 ||   237
Throw: Javelin           |       |       |     2 |       ||     2
       Throwing net      |       |       |       |     1 ||     1
Invok: Divine Shield     |       |       |     1 |     1 ||     2
Evoke: Wand              |       |       |     2 |       ||     2
  Use: Scroll            |       |    11 |    10 |       ||    21
       Potion            |       |     1 |     1 |       ||     2
Armor: Scale mail        |    42 |       |       |       ||    42
       Plate armour      |    44 |   162 |   174 |    57 ||   437
Dodge: Dodged            |    62 |    42 |    83 |    21 ||   208
Block: Buckler           |    24 |    41 |    63 |    21 ||   149
